 Dungeon Crawl Stone Soup version 0.17.0-24-gcfadda4 (console) character file.

286 jw the Sneak (level 6, 12/43 HPs)
             Began as an Octopode Berserker on Nov 17, 2015.
             Was a Priest of Trog.
             Quit the game on level 4 of the Dungeon.
             The game lasted 00:19:11 (3907 turns).

jw the Sneak (Octopode Berserker)                   Turns: 3907, Time: 00:19:11

Health: 12/43      AC:  3    Str: 16 (17) XL:     6   Next: 30%
Magic:  6/6        EV: 13    Int:  9      God:    Trog [***...]
Gold:   209        SH:  0    Dex: 13      Spells: 0 memorised, 5 levels left

rFire  . . .     SeeInvis .     b - +0 rapier
rCold  . . .     Clarity  .     (no shield)
rNeg   . . .     SustAt   .     (helmet restricted)
rPois  .         Gourm    .     k - amulet of resist mutation
rElec  .         Spirit   .     e - +2 ring of protection
rCorr  .         Warding  .     (no ring)
rMut   +         Stasis   .     (no ring)
MR     .....                    (no ring)
Stlth  ++++......               (no ring)
                                (no ring)
                                (no ring)
                                (no ring)

@: exhausted, slowed, very slow, not resistant to hostile enchantments, stealthy
A: almost no armour, amphibious, 8 rings, constrict 8, camouflage 1, blurry
vision 1, gelatinous body 1
a: Berserk, Trog's Hand, Burn Spellbooks, Renounce Religion


You were on level 4 of the Dungeon.
You worshipped Trog.
Trog was most pleased with you.
You were hungry.

You visited 1 branch of the dungeon, and saw 4 of its levels.

You collected 209 gold pieces.

Inventory:

Hand Weapons
 b - a +0 rapier (weapon)
Missiles
 a - 41 stones (quivered)
 d - 9 curare-tipped needles
 o - 18 poisoned needles
Jewellery
 e - a +2 ring of protection (left tentacle)
 k - an amulet of resist mutation (around mantle)
Wands
 l - a wand of disintegration (3)
Scrolls
 c - 5 scrolls of identify
 i - a scroll of remove curse
 j - 3 scrolls of teleportation
Comestibles
 f - a beef jerky
 n - 2 bread rations


   Skills:
 + Level 3.7 Fighting
 * Level 4.3 Short Blades
 + Level 2.2 Throwing
 + Level 3.6 Dodging
 * Level 4.6 Stealth


You had 5 spell levels left.
You didn't know any spells.

Dungeon Overview and Level Annotations

Branches:
Dungeon (4/15)
 Temple: D:4-7

Altars:
Kikubaaqudgha


Innate Abilities, Weirdness & Mutations

You cannot wear most types of armour.
You are amphibious.
You can wear up to eight rings at the same time.
You can use your tentacles to constrict eight enemies at once.
Your skin changes colour to match your surroundings (Stealth).
Your rubbery body absorbs attacks (AC +1).
Scrolls take you a little longer to read.


Message History

Read which item? (? for menu, Esc to quit)
Really read with blurry vision while enemies are nearby?
Okay, then.
Read which item? (? for menu, Esc to quit)
Really read with blurry vision while enemies are nearby?
Okay, then.
Read which item? (? for menu, Esc to quit)
Really read with blurry vision while enemies are nearby?
Okay, then.
Read which item? (? for menu, Esc to quit)
Really read with blurry vision while enemies are nearby?
Okay, then.
Read which item? (? for menu, Esc to quit)
Really read with blurry vision while enemies are nearby?
Okay, then.
Read which item? (? for menu, Esc to quit)
Really read with blurry vision while enemies are nearby?
Okay, then.
Infinite lua loop detected, aborting.
Are you sure you want to abandon this character and quit the game? (Confirm with "yes".)

## .. .# ##.##
###...######
#...#.((..>. #Wx.#
##.### #.(.####
#....#....#
...##.###.#<######
# ..# ##.........
.... ##.#.######.
##.##.#.#..## ..
...........# ..


You could see a phantom.

Table legend:
 A = Turns spent in this place as a percentage of turns spent in the entire game.
 B = Non-inter-level travel turns spent in this place as a percentage of non-inter-level travel turns spent in the entire game.
 C = Inter-level travel turns spent in this place as a percentage of turns spent in this place.
 D = Turns resting spent in this place as a percentage of non-inter-level travel turns spent in this place.
 E = Turns spent auto-exploring this place as a percentage of non-inter-level travel turns spent in this place.
 F = Non-inter-level travel turns spent in this place divided by the number of levels of this place that you've seen.
                   A       B       C       D       E      F
               +-------+-------+-------+-------+-------+----------------------
         Total | 100.0 | 100.0 |   0.6 |   0.6 |   1.7 | 1936.2
       Dungeon | 100.0 | 100.0 |   0.6 |   0.6 |   1.7 | 1936.2
               +-------+-------+-------+-------+-------+----------------------

Table legend:
 A = Kills in this place as a percentage of kills in entire the game.
 B = Kills by you in this place as a percentage of kills by you in the entire game.
 C = Kills by friends in this place as a percentage of kills by friends in the entire game.
 D = Other kills in this place as a percentage of other kills in the entire game.
 E = Experience gained in this place as a percentage of experience gained in the entire game.
 F = Experience gained in this place divided by the number of levels of this place that you have seen.
                   A       B       C       D       E      F
               +-------+-------+-------+-------+-------+----------------------
         Total | 100.0 | 100.0 |  -nan |  -nan | 100.0 | 102.2
       Dungeon | 100.0 | 100.0 |  -nan |  -nan | 100.0 | 102.2
               +-------+-------+-------+-------+-------+----------------------

Vanquished Creatures
  An ogre (D:3)
  An iguana (D:4)
  Natasha (D:4)
  A hound skeleton (D:4)
  Robin (D:4)
  6 adders
  An ooze (D:2)
  3 worms (D:2)
  2 giant geckos
  16 goblins
  9 hobgoblins
  A quokka (D:3)
  2 ball pythons
  6 bats
  2 giant cockroaches
  3 giant newts
  4 kobolds
  12 rats
72 creatures vanquished.

Notes
Turn   | Place    | Note
--------------------------------------------------------------
     0 | D:1      | jw the Octopode Berserker began the quest for the Orb.
     0 | D:1      | Reached XP level 1. HP: 16/16 MP: 1/1
   531 | D:1      | Reached XP level 2. HP: 21/21 MP: 2/2
   709 | D:2      | Reached skill level 1 in Stealth
   823 | D:2      | Reached XP level 3. HP: 23/26 MP: 3/3
   898 | D:2      | Found an ancient bone altar of Kikubaaqudgha.
  1015 | D:2      | Reached ** piety under Trog
  1806 | D:2      | Reached skill level 1 in Throwing
  2031 | D:2      | Reached XP level 4. HP: 31/31 MP: 4/4
  2072 | D:2      | Gained mutation: Scrolls take you a little longer to read. [potion of mutation]
  2766 | D:3      | Noticed an ogre
  3078 | D:3      | Killed an ogre
  3078 | D:3      | Reached skill level 4 in Short Blades
  3078 | D:3      | Reached XP level 5. HP: 36/36 MP: 5/5
  3370 | D:4      | Noticed Natasha
  3375 | D:4      | Reached XP level 6. HP: 42/42 MP: 6/6
  3379 | D:4      | Killed Natasha
  3653 | D:4      | Noticed Robin
  3669 | D:4      | Reached *** piety under Trog
  3672 | D:4      | Killed Robin
  3873 | D:4      | Noticed a phantom
  3907 | D:4      | Quit the game

Action                   |  1- 3 |  4- 6 || total
-------------------------+-------+-------++-------
Melee: Short sword       |    11 |       ||    11
       Dagger            |    38 |    21 ||    59
       Rapier            |       |    43 ||    43
Throw: Tomahawk          |    28 |     9 ||    37
       Stone             |     4 |    15 ||    19
       Javelin           |       |     7 ||     7
Invok: Trog's Hand       |       |     2 ||     2
       Berserk           |       |     3 ||     3
  Use: Potion            |     4 |     3 ||     7
       Scroll            |     3 |     3 ||     6
 Stab: Sleeping          |     3 |    10 ||    13
  Eat: Chunk             |     4 |     8 ||    12

Vault maps used:
D:1:      minmay_arrival_radiant_lines, amethyst_killhole
D:2:      wad_lake_hut, lemuel_coloured_pillars_altar, first_bread
D:4:      uniq_eustachio, uniq_robin, uniq_natasha
